 Dungeon Crawl Stone Soup version 0.31-a0-574-g69dc8cc98e (webtiles) character file.

Game seed: 1320804314735978919

1474 kae the Frost Mage (level 8, -1/52 HPs)
             Began as a Merfolk Ice Elementalist on Aug 18, 2023.
             Was a Follower of Sif Muna.
             Slain by a white imp (3 damage)
             ... on level 6 of the Dungeon.
             The game lasted 00:06:59 (6838 turns).

kae the Frost Mage (Merfolk Ice Elementalist)       Turns: 6838, Time: 00:06:59

Health: -1/52      AC: 10    Str:  8    XL:     8   Next: 78%
Magic:  10/16      EV: 13    Int: 16    God:    Sif Muna [*.....]
Gold:   280        SH:  0    Dex: 21    Spells: 7/18 levels left

rFire   . . .        e - +3 dagger (pain)
rCold   . . .        (no shield)
rNeg    . . .        a - +0 robe
rPois   +            (no helmet)
rElec   .            (no cloak)
rCorr   .            (no gloves)
SInv    .            (no boots)
Will    .....        (no amulet)
Stlth   ++           P - ring of poison resistance
HPRegen 0.28/turn    D - +6 ring of dexterity
MPRegen 0.15/turn

%: no passive effects
@: ice-armoured, freezing walls
A: (nimble swimmer 2), mertail
a: Renounce Religion, Channel Magic


You were on level 6 of the Dungeon.
You worshipped Sif Muna.
Sif Muna was aware of your devotion.
You visited 1 branch of the dungeon, and saw 7 of its levels.

You collected 280 gold pieces.


Innate Abilities, Weirdness & Mutations

((You are very nimble when in or above water. (Stealth+, EV+, Speed+++)))
Your lower body shifts to a powerful aquatic tail in water.


   Skills:
 - Level 2.6 Dodging
 - Level 2.1 Stealth
 + Level 5.9 Spellcasting
 * Level 10.4 Ice Magic


You had 7 spell levels left.
You knew the following spells:

 Your Spells              Type           Power      Damage    Failure   Level
a - Freeze                Ice            100%       1d10      1%          1
b - Frozen Ramparts       Ice            76%        1d12      1%          3
c - Ozocubu's Armour      Ice            38%        N/A       1%          3
d - Summon Ice Beast      Ice/Summ       21%        N/A       16%         4

Your spell library contained the following spells:

 Spells                   Type           Power      Damage    Failure   Level


Inventory:

Hand Weapons
 e - a +3 dagger of pain (weapon)
   (You took it off a goblin on level 1 of the Dungeon)
Missiles
 c - 43 stones
 s - 2 poisoned darts
 u - 2 throwing nets {=f!f}
 w - a boomerang
Armour
 a - a +0 robe (worn)
Magical Staves
 n - a staff of poison {!a}
   (You found it on level 2 of the Dungeon)
Jewellery
 C - a ring of protection from cold
   (You found it on level 2 of the Dungeon)
 D - a +6 ring of dexterity (right hand)
   (You found it on level 4 of the Dungeon)
 P - a ring of poison resistance (left hand)
   (You found it on level 5 of the Dungeon)
Talismans
 m - a serpent talisman
   (You found it on level 4 of the Dungeon)
Wands
 k - a wand of charming (10)
   (You found it on level 2 of the Dungeon)
 r - a wand of iceblast (8)
   (You took it off Ijyb on level 3 of the Dungeon)
Scrolls
 g - 2 scrolls of amnesia
 h - a scroll of identify {@r1}
 j - 4 scrolls of fear
 l - a scroll of revelation
 t - 2 scrolls of teleportation {@r4}
 v - a scroll of summoning {unknown}
 x - a scroll of immolation {!r!r}
Potions
 b - 2 potions of magic
 d - a potion of heal wounds {@q2}
 f - 2 potions of attraction {!q}
 i - 4 potions of degeneration {!q}
 o - a potion of invisibility
 p - a potion of enlightenment
 q - 2 potions of curing {@q1}

Dungeon Overview and Level Annotations

Branches:
Dungeon (7/15) Zot: 26298  Temple (0/1) D:5

Altars:
Dithmenos
Gozag
Sif Muna
Trog
Zin
The Shining One

Shops:
D:1 *=

Annotations:
D:3 2 transporters

#.# #...# .........#
#.#### #.#.+ .........#
#....# #.### .........#
####.# #.# # .........#
#....# #.# # .........#
#....# #.# #
.........####....###.#
#
.......5.'.##....#.).#
#
......5@.#.##....#.#<#
#
##.......#.##....#.#.#
##...##.#.#####.#.#)###
#..............#<#....
#.#..≈≈≈≈≈≈≈≈≈.)..####
#.#..≈.......≈....# #
#..≈.#.###)≈....#
#..≈.#...#.≈....#
#..≈.#._.#.≈....#


You could see 2 white imps.


Message History

😎 MP[-3]
You lost 3 mp, and now have 10/16 mp.
Casting: Frozen Ramparts (safe; 1% risk of failure)
Confirm with . or Enter, or press ? or * to list all spells.
You can't see any susceptible monsters within range! (Use Z to cast anyway.)
Casting: Frozen Ramparts (safe; 1% risk of failure)
Confirm with . or Enter, or press ? or * to list all spells.
You can't see any susceptible monsters within range! (Use Z to cast anyway.)
An orc is nearby!
Okay, then.
Okay, then.
The frozen ramparts melt away as you move. 😎 MP[+1]
Your legs become a tail as you enter the water.
The orc barely misses you.
You hit the orc. You tail-slap the orc. The orc misses you.
You hit the orc.
You kill the orc!
Sif Muna accepts your kill.
Things that are here:
a +0 mace; a +0 leather armour You can't see any susceptible monsters within range! (Use Z to cast anyway.)
Your legs become a tail as you enter the water.
w - a boomerang
Things that are here:
a +0 war axe; an orc corpse Key pressed, stopping explore.
Unknown command. 😎 MP[+3]
You regained 3 mp, and now have 14/16 mp.
x - a scroll of immolation {!r!r} 😎 MP[+2]
Your mp is fully restored (16).
u - 2 throwing nets {=f!f} (gained 1) Key pressed, stopping explore.
Unknown command.
A white imp comes into view.
The white imp shouts!
Something shouts, "Decamp, thou rough-hewn clay-brained minnow reeky!"
A white imp is nearby!
A white imp is nearby!
A white imp is nearby!
The white imp gestures at you. The puff of frost hits you. 😕 HP[-4]
You take 4 damage, and now have 48/52 hp.
A white imp comes into view.
You barely miss the white imp. The white imp gestures at you.
The puff of frost hits you. 😕 HP[-5]
You take 5 damage, and now have 43/52 hp.
You hit the white imp. The white imp barely misses you.
You barely miss the white imp. You barely miss the white imp.
The white imp gestures at you. The puff of frost hits you!
You are too injured to fight recklessly! 😮 HP[-9]
You take 9 damage, and now have 34/52 hp.
You are too injured to fight recklessly!
You are too injured to fight recklessly!
You are too injured to fight recklessly!
You are too injured to fight recklessly!
You are too injured to fight recklessly!
You are too injured to fight recklessly!
Unknown command.
Casting: Frozen Ramparts (safe; 1% risk of failure)
Confirm with . or Enter, or press ? or * to list all spells.
Casting: Frozen Ramparts (safe; 1% risk of failure)
Press: ? - help, Dir - look around, f - activate The walls around you are covered in ice.
The white imp barely misses you. 😮 MP[-3]
You lost 3 mp, and now have 13/16 mp.
Unknown command.
You hit the white imp. The white imp gestures at you.
The puff of frost hits you.
The white imp closely misses you. 😮 HP[-6]
You take 6 damage, and now have 28/52 hp.
You barely miss the white imp. The white imp gestures at you.
The puff of frost hits you!
* * * LOW HITPOINT WARNING * * *
The white imp hits you.
* * * LOW HITPOINT WARNING * * *
The white imp freezes you.
* * * LOW HITPOINT WARNING * * *
😱 HP[-18]
You take 18 damage, and now have 10/52 hp.
MASSIVE DAMAGE!! (PAUSE)
Casting: Frozen Ramparts (safe; 1% risk of failure)
Confirm with . or Enter, or press ? or * to list all spells.
A film of ice covers your body! The white imp hits you.
* * * LOW HITPOINT WARNING * * *
The white imp freezes you.
* * * LOW HITPOINT WARNING * * *
The white imp hits you.
You die...

Skill      XL: |  1  2  3  4  5  6  7  8 |
---------------+-------------------------+-----
Ice Magic      | 5 6 7 9 10 | 10.4
Spellcasting   | 3 4 5 |  5.9
Dodging        | |  2.6
Stealth        | |  2.1

Action                     |  1- 3 |  4- 6 |  7- 9 || total
---------------------------+-------+-------+-------++-------
  Melee: Dagger            |    29 |    36 |   109 ||   174
         Unarmed           |     1 |       |       ||     1
         Punch             |       |       |     3 ||     3
         Tailslap          |       |       |     1 ||     1
   Cast: Freeze            |    49 |    51 |    53 ||   153
         Frozen Ramparts   |       |     8 |    15 ||    23
         Ozocubu's Armour  |       |     2 |     5 ||     7
  Evoke: Wand              |       |       |     3 ||     3
    Use: Scroll            |       |     9 |     6 ||    15
   Stab: Sleeping          |     2 |     2 |     2 ||     6
 Armour: Robe              |    13 |     6 |    33 ||    52
  Dodge: Dodged            |    46 |    56 |    96 ||   198

Levels and vault maps discovered:
D:1:      dpeg_arrival_pond, layout_loops_ring, serial_shops,
          nicolae_square_shop, nicolae_shop_window_shopping, st_stairs_8,
          nicolae_hexahallways, dk_noncrumbling_3
D:2:      layout_loops_corners, basic_altar
D:3:      gammafunk_wand_slinger, layout_basic,
          mainiacjoe_overflow_tiny_flanked, chequers_ecumenical_altar_twisty,
          uniq_ijyb
D:4:      layout_loops_cross, grunt_gozag_breadcrumbs
D:5:      minmay_diamond_boxcup, layout_loops_ring, kennysheep_little_box,
          mainiacjoe_overflow_six_doors_small, minmay_temple_entry_waves,
          lightli_corner_chamber
D:6:      due_chaos_kobolds, layout_basic, mainiacjoe_overflow_brackets,
          grunt_dithmenos_smoke_and_mirrors
D:7:      layout_loops_ring, mainiacjoe_overflow_paths,
          grunt_temple_overflow_open

Notes
Turn   | Place    | Note
-------+----------+-------------------------------------------
     0 | D:1      | kae the Merfolk Ice Elementalist began the quest for the
                  | Orb.
     0 | D:1      | Reached XP level 1. HP: 13/13 MP: 3/3
     0 | D:1      | magus.rc [v1.11.3]
    43 | D:1      | HP: 2/13 [frozen (5)]
   134 | D:1      | Found Fuilodd's Assorted Antiques.
   184 | D:1      | Reached XP level 2. HP: 19/19 MP: 3/5
   307 | D:1      | Found Caxzune's Jewellery Shoppe.
   783 | D:1      | Reached skill level 5 in Ice Magic
  1043 | D:2      | Reached XP level 3. HP: 24/24 MP: 3/6
  1047 | D:2      | Learned a level 3 spell: Frozen Ramparts
  1251 | D:2      | Found an opulent altar of Gozag.
  1393 | D:2      | Identified the +2 robe of Free Expression {rElec Will+
                  | Str+3 Archmagi}
  1686 | D:2      | HP: 6/24 [worm (6)]
  1694 | D:2      | Reached XP level 4. HP: 10/30 MP: 0/8
  1937 | D:3      | Learned a level 3 spell: Ozocubu's Armour
  1961 | D:3      | Found a transporter.
  2029 | D:3      | Found a transporter.
  2354 | D:3      | Found a shimmering blue altar of Sif Muna.
  2454 | D:3      | Reached skill level 3 in Spellcasting
  2631 | D:3      | Noticed Ijyb
  2639 | D:3      | Killed Ijyb
  2640 | D:3      | Reached skill level 6 in Ice Magic
  2640 | D:3      | Reached XP level 5. HP: 31/35 MP: 1/9
  2712 | D:3      | Found a faded altar of an unknown god.
  3038 | D:3      | Became a worshipper of Sif Muna the Loreminder
  3998 | D:4      | Found an opulent altar of Gozag.
  4006 | D:4      | Reached XP level 6. HP: 32/41 MP: 4/11
  4022 | D:4      | Reached skill level 7 in Ice Magic
  4174 | D:4      | Reached skill level 4 in Spellcasting
  4314 | D:5      | Entered Level 5 of the Dungeon
  4326 | D:5      | Reached XP level 7. HP: 46/46 MP: 3/13
  4534 | D:5      | Reached skill level 8 in Ice Magic
  4619 | D:5      | HP: 10/46 [ice beast (3)]
  4881 | D:5      | Found a staircase to the Ecumenical Temple.
  4968 | D:5      | Reached skill level 5 in Spellcasting
  5041 | D:5      | Reached skill level 9 in Ice Magic
  5041 | D:5      | Reached XP level 8. HP: 52/52 MP: 10/15
  5332 | D:5      | Reached * piety under Sif Muna
  5495 | D:5      | Found a glowing silver altar of Zin.
  5572 | D:5      | Noticed a two-headed ogre
  6056 | D:5      | Found a bloodstained altar of Trog.
  6120 | D:6      | Found a glowing golden altar of the Shining One.
  6131 | D:6      | Learned a level 4 spell: Summon Ice Beast
  6136 | D:6      | You fall into a shaft and drop 1 floor!
  6401 | D:6      | Reached skill level 10 in Ice Magic
  6486 | D:6      | Found a shadowy altar of Dithmenos.
  6837 | D:6      | HP: 10/52 [white imp (4)]
  6838 | D:6      | HP: 2/52 [white imp (5)]
  6838 | D:6      | Slain by a white imp

Vanquished Creatures
  An orc warrior (D:6)
  An ice beast (D:5)
  A centaur (D:5)
  2 ogres
  2 phantoms
  A bullfrog (D:5)
  A howler monkey (D:5)
  3 orc priests
  3 hounds (D:5)
  Ijyb (D:3)
  A gnoll bouda (D:5)
  A sleepcap (D:6)
  3 iguanas (D:5)
  8 orc wizards
  6 gnolls
  6 adders
  A shadow imp (D:5)
  2 white imps
  An ufetubus (D:5)
  3 worms
  2 dart slugs
  17 orcs
  4 ball pythons
  4 endoplasms
  4 giant cockroaches
  8 goblins
  5 hobgoblins
  5 quokkas
  4 bats
  3 frilled lizards
  6 kobolds
  4 rats
114 creatures vanquished.

Vanquished Creatures (collateral kills)
  A white imp (D:6)
1 creature vanquished.

Grand Total: 115 creatures vanquished

Table legend:
 A = Non-vault XP
 B = Vault XP
 C = Vault XP percentage of total XP
 D = Non-vault monster count
 E = Vault monster count
 F = Vault count percentage of total count
                 A         B        C        D         E       F
            +---------+---------+-------+---------+---------+-------
      Total |    1776 |     331 |  15.7 |     105 |      10 |   8.7
            +---------+---------+-------+---------+---------+-------
        D:1 |      27 |       2 |   6.9 |      14 |       1 |   6.7
        D:2 |      64 |       0 |   0.0 |      21 |       0 |   0.0
        D:3 |      61 |      39 |  39.0 |      19 |       1 |   5.0
        D:4 |     347 |       0 |   0.0 |      14 |       0 |   0.0
        D:5 |     892 |     290 |  24.5 |      26 |       8 |  23.5
        D:6 |     385 |       0 |   0.0 |      11 |       0 |   0.0
            +---------+---------+-------+---------+---------+-------

Skill      XL: |  1  2  3  4  5  6  7  8 |
---------------+-------------------------+-----
Ice Magic      | 5 6 7 9 10 | 10.4
Spellcasting   | 3 4 5 |  5.9
Dodging        | |  2.6
Stealth        | |  2.1

Action                     |  1- 3 |  4- 6 |  7- 9 || total
---------------------------+-------+-------+-------++-------
  Melee: Dagger            |    29 |    36 |   109 ||   174
         Unarmed           |     1 |       |       ||     1
         Punch             |       |       |     3 ||     3
         Tailslap          |       |       |     1 ||     1
   Cast: Freeze            |    49 |    51 |    53 ||   153
         Frozen Ramparts   |       |     8 |    15 ||    23
         Ozocubu's Armour  |       |     2 |     5 ||     7
  Evoke: Wand              |       |       |     3 ||     3
    Use: Scroll            |       |     9 |     6 ||    15
   Stab: Sleeping          |     2 |     2 |     2 ||     6
 Armour: Robe              |    13 |     6 |    33 ||    52
  Dodge: Dodged            |    46 |    56 |    96 ||   198

Illustrated notes

Table legend:
 A = Kills in this place as a percentage of kills in the entire game.
 B = Kills by you in this place as a percentage of kills by you in the entire game.
 C = Kills by friends in this place as a percentage of kills by friends in the entire game.
 D = Other kills in this place as a percentage of other kills in the entire game.
 E = Experience gained in this place as a percentage of experience gained in the entire game.
 F = Experience gained in this place divided by the number of levels of this place that you have seen.
                   A       B       C       D       E      F
               +-------+-------+-------+-------+-------+----------------------
         Total | 100.0 | 100.0 | 100.0 |   N/A | 100.0 | 301.0
       Dungeon | 100.0 | 100.0 | 100.0 |   N/A | 100.0 | 301.0
               +-------+-------+-------+-------+-------+----------------------

Table legend: (Time is in decaauts)
 A = Elapsed time spent in this place.
 B = Non-inter-level travel time spent in this place.
 C = Inter-level travel time spent in this place.
 D = Time resting spent in this place.
 E = Time spent auto-exploring this place.
 F = Levels seen in this place.
 G = Mean time per level.
                   A        B        C        D        E       F      G
               +--------+--------+--------+--------+--------+-----+--------+
         Total |   6829 |   6424 |    405 |    565 |   4898 |   7 |  975.6 |
       Dungeon |   6829 |   6424 |    405 |    565 |   4898 |   7 |  975.6 |
               +--------+--------+--------+--------+--------+-----+--------+

Top non-repeatable levels by time:
     D:5: 1666 daAuts
     D:4: 1281 daAuts
     D:3: 1240 daAuts
     D:2: 1029 daAuts
     D:1: 896 daAuts
     D:6: 708 daAuts
     D:7: 6 daAuts
